 Dungeon Crawl Stone Soup version 0.27.0-66-gdc8fb28755 (webtiles) character file.

Game seed: 11268960023280139798

56 Thatpatchoflichen the Chiller (level 3, -2/26 HPs)
             Began as a Draconian Ice Elementalist on Aug 20, 2021.
             Slain by Terence (3 damage)
             ... on level 2 of the Dungeon.
             The game lasted 00:04:24 (2235 turns).

Thatpatchoflichen the Chiller (DrIE)                Turns: 2235, Time: 00:04:25

Health: -2/26      AC:  5    Str: 10    XL:     3   Next: 71%
Magic:  6/7        EV: 12    Int: 16    God:
Gold:   125        SH:  0    Dex: 11    Spells: 7/8 levels left

rFire    . . .     SeeInvis .   b - +0 hand axe
rCold    . . .     Faith    .   (no shield)
rNeg     . . .     Spirit   .   (armour unavailable)
rPois    .         Reflect  .   (helmet restricted)
rElec    .         Harm     .   (no cloak)
rCorr    .         Rampage  .   (no gloves)
Will     .....                  (no boots)
Stlth    ++........             (no amulet)
HPRegen  0.08/turn              (no ring)
MPRegen  0.10/turn              (no ring)

@: no status effects
A: AC +5, unfitting armour, cold-blooded
a: no special abilities


You were on level 2 of the Dungeon.
You visited 1 branch of the dungeon, and saw 3 of its levels.

You collected 125 gold pieces.

Inventory:

Hand Weapons
 b - a +0 hand axe (weapon)
Missiles
 h - 22 stones
Jewellery
 g - an amulet of reflection
Scrolls
 c - a scroll of magic mapping {unknown}
 d - 2 scrolls of identify {unknown}
 e - a scroll of fear {unknown}
 f - a scroll of teleportation {unknown}
Potions
 a - a potion of heal wounds


   Skills:
 + Level 0.1 Fighting
 - Level 2.0 Dodging
 - Level 1.7 Stealth
 * Level 3.0 Spellcasting
 + Level 4.7 Ice Magic


You had 7 spell levels left.
You knew the following spells:

 Your Spells              Type           Power      Damage    Failure   Level
a - Freeze                Ice            68%        1d8       2%          1

Your spell library contained the following spells:

 Spells                   Type           Power      Damage    Failure   Level
 Frozen Ramparts          Ice            34%        1d5       9%          3
 Ozocubu's Armour         Ice            17%        N/A       9%          3
 Hailstorm                Conj/Ice       9%         3d4       56%         4


Dungeon Overview and Level Annotations

Branches:
Dungeon (3/15)

Altars:

Shops:
D:1 !

Annotations:
D:2 Terence


Innate Abilities, Weirdness & Mutations

Your plain brown scales are hard. (AC +5)
You cannot fit into any form of body armour.
You are cold-blooded and may be slowed by cold attacks.


Message History

Press: ? - help, Q - select action, (/) - cycle Shift-Dir - straight line, f/p - Terence
Aim: Terence, wielding a +0 hand axe and wearing a +0 ring mail (lightly wounded)
You freeze Terence!
Terence is heavily wounded.
Terence drinks a potion.
Terence is healed!
Aiming: Freeze (safe; 2% risk of failure)
Press: ? - help, Q - select action, (/) - cycle Shift-Dir - straight line, f/p - Terence
Aim: Terence, wielding a +0 hand axe and wearing a +0 ring mail You freeze Terence.
Terence is moderately wounded.
Terence hits you with a +0 hand axe.
You hit Terence but do no damage.
Terence is moderately wounded.
Terence closely misses you.
You barely miss Terence.
Terence is moderately wounded.
Terence misses you. Terence hits you with a +0 hand axe.
You hit Terence.
Terence is moderately wounded.
Terence hits you with a +0 hand axe!
* * * LOW HITPOINT WARNING * * *
You barely miss Terence.
Terence is moderately wounded.
Terence barely misses you. Terence hits you with a +0 hand axe.
* * * LOW HITPOINT WARNING * * *
You hit Terence but do no damage.
Terence is moderately wounded.
Terence barely misses you.
You closely miss Terence.
Terence is lightly wounded.
Terence hits you but does no damage.
You hit Terence.
You tail-slap Terence, but do no damage.
Terence is moderately wounded.
Terence barely misses you.
You hit Terence but do no damage.
Terence is moderately wounded.
Terence hits you with a +0 hand axe.
You die...

#............#
#.....#<.....#######
#.....#######.......
#####.# #.........
###.#####.#.......
#.................
#.#########....... #.#
#.......
#@############.##.
#@##.........#.##.
#.##.#######.#....
#.##.#...# #.#....
#.##.#.#.###.#.###
#.##..............
######.###........#.#..
#.....>................
#.#...............#.#..


You could see Terence.

Vanquished Creatures
  2 adders (D:2)
  A dart slug (D:2)
  An orc (D:3)
  3 bats
  3 endoplasms
  2 giant cockroaches (D:2)
  A hobgoblin (D:2)
  6 jackals
  2 quokkas
  4 ball pythons
  2 frilled lizards
  3 goblins
  3 kobolds
33 creatures vanquished.

Notes
Turn   | Place    | Note
-------+----------+-------------------------------------------
     0 | D:1      | Thatpatchoflichen the Draconian Ice Elementalist began the
                  | quest for the Orb.
     0 | D:1      | Reached XP level 1. HP: 14/14 MP: 3/3
     2 | D:2      | Found a faded altar of an unknown god.
   263 | D:1      | Found Vafupi's Distillery.
   287 | D:1      | Reached XP level 2. HP: 12/20 MP: 1/5
   970 | D:2      | Reached XP level 3. HP: 26/26 MP: 0/7
  2068 | D:3      | Noticed Terence
  2230 | D:2      | HP: 1/26 [Terence (4)]
  2235 | D:2      | Slain by Terence

Illustrated notes

Levels and vault maps discovered:
D:1:      dpeg_arrival_fog, layout_rooms, serial_shops, shop, fountainhead
D:2:      layout_basic, ebering_ecumenical_altar_petrified, nrook_mini_vaults,
          minmay_misc_feat_alley
D:3:      layout_rooms, gammafunk_ghost_necromancy,
          minmay_fractal_squares_gapless_5, uniq_sigmund, uniq_terence

Skill      XL: |  1  2  3 |
---------------+----------+-----
Dodging        | 2 |  2.0
Spellcasting   | 3 |  3.0
Fighting       | |  0.1
Stealth        | |  1.7
Ice Magic      | |  4.7

Action                   || total
-------------------------++-------
Melee: Hand axe          ||    83
       Tailslap          ||     9
 Cast: Freeze            ||    20
 Stab: Sleeping          ||     3
Armor: Skin              ||    39
Dodge: Dodged            ||    78
